Unix NetHack Version 5.0.0-0 post-release - last build May  4 2026 22:22:43 (774f63e81ad911689b3a0859ea89b322d5daca8d,branch:main).

Game began 2026-05-06 13:18:48, ended 2026-05-08 21:10:39.

Gary, lawful male human Samurai

  ............}}..
  ...........}}...
  .........}}}...-
  ......}}}}}....|
  ......}}}}.....|
  .......}}}.....|
  .......}}..?...|
  .......}}......|
  .....}}.i......|
  ....}}.........|
  ..}}b..........|
  .}}............|
  }}.............|
  }..............|
  .......e@@.@...|
  .......1@@f2...|
  .........).....|
  ...............-
  ..................
  ......................
Gary the Joshu         St:18/02 Dx:16 Co:18 In:7 Wi:10 Ch:9  Lawful S:82797
Home 1 $:157 HP:0(119) Pw:37(37) AC:-2 Xp:12/20470 T:25278  Satiated

Latest messages:
 The ninja swings his axe.
 The ninja misses!
 It misses!
 It hits!
 The ninja thrusts her wakizashi.
 The ninja hits!
 The ninja thrusts her wakizashi.
 The ninja hits again!
 The ninja thrusts his wakizashi.
 The ninja misses!
 The ninja thrusts his wakizashi.
 The ninja misses!
 You sit on the shuriken.
 It's not very comfortable...
 Grumpy bites the ninja.
 The ninja thrusts her wakizashi at Grumpy.
 The ninja hits Grumpy.
 The ninja thrusts her wakizashi at Grumpy.
 The ninja misses Grumpy.
 The ninja swings his axe.
 The ninja hits!
 The ninja swings his axe.
 The ninja misses!
 It picks up 3 shuriken.
 The ninja thrusts her wakizashi.
 The ninja misses!
 The ninja thrusts her wakizashi.
 The ninja hits!
 The ninja thrusts his wakizashi.
 The ninja hits!
 The ninja thrusts his wakizashi.
 The ninja hits again!
 There is a magic portal here.
 You see here a shuriken.
 You sit on the shuriken.
 It's not very comfortable...
 Grumpy bites the ninja.
 You feel a bit steadier now.
 You sit on the shuriken.
 It's not very comfortable...
 Grumpy bites the ninja.
 The ninja thrusts her wakizashi at Grumpy.
 The ninja hits Grumpy.
 The ninja thrusts her wakizashi at Grumpy.
 The ninja misses Grumpy.
 The ninja swings his axe.
 The ninja hits!
 The ninja swings his axe.
 The ninja hits again!
 You die...

Inventory:
 Coins    ('$')
  $ - 157 gold pieces
 Amulets  ('"')
  n - an uncursed amulet of reflection (being worn)
 Weapons  (')')
  P - 9 +0 arrows
  f - 2 +0 ya (in quiver)
  c - a +0 yumi (alternate weapon; not wielded)
  a - the rustproof +3 Snickersnee (weapon in right hand)
 Armor    ('[')
  L - an uncursed +0 elven leather helm (being worn)
  v - a cursed -1 pair of gauntlets of fumbling
  q - an uncursed +0 pair of iron shoes (being worn)
  N - a blessed burnt +1 elven cloak (being worn)
  Q - an uncursed +2 Hawaiian shirt with a ukulele motif (being worn)
  j - an uncursed +0 dwarvish mithril-coat (being worn)
 Comestibles  ('%')
  B - an uncursed lembas wafer
  Z - an uncursed tripe ration
  l - 2 uncursed lizard corpses
 Scrolls  ('?')
  M - an uncursed scroll of remove curse
  S - an uncursed scroll of teleportation
 Potions  ('!')
  G - an uncursed potion of extra healing
  h - a cursed potion of healing
  x - a potion of holy water
 Rings    ('=')
  Y - an uncursed ring of free action (on right hand)
  r - an uncursed ring of teleport control
  V - an uncursed ring of warning (on left hand)
 Wands    ('/')
  e - a wand of cold (0:6)
  D - a wand of digging (0:7)
  K - a wand of fire (0:5)
  t - a cursed wand of lightning (0:3)
 Tools    ('(')
  b - a blessed bag of holding containing 93 items
  w - an uncursed magic whistle
  k - an uncursed skeleton key
  s - an uncursed stethoscope
  E - an uncursed towel
  u - a blessed +0 unicorn horn
 Gems/Stones  ('*')
  A - an uncursed luckstone

Contents of the bag of holding:
  10 gold pieces
  an uncursed amulet of unchanging
  4 +1 arrows
  40 +0 arrows
  the rustproof +2 Ogresmasher
  the +1 Werebane
  an uncursed +0 mummy wrapping
  5 uncursed kiwifruits
  6 uncursed C-rations
  an uncursed candy bar labeled "Fruity Oaty"
  an uncursed clove of garlic
  an uncursed cram ration
  a cursed eucalyptus leaf
  5 uncursed K-rations
  an uncursed lembas wafer
  a cursed lembas wafer
  an uncursed orange
  a cursed pear
  an uncursed tripe ration
  a blessed tin of spinach
  an uncursed tin of spinach
  2 uncursed lichen corpses
  an uncursed lizard corpse
  an uncursed scroll of confuse monster
  2 uncursed scrolls of earth
  an uncursed scroll of enchant armor
  an uncursed scroll of enchant weapon
  a blessed scroll of fire
  a blessed scroll of magic mapping
  a blessed scroll of remove curse
  2 uncursed scrolls of remove curse
  a blessed scroll of teleportation
  an uncursed scroll of teleportation
  a cursed scroll of teleportation
  an uncursed potion of acid
  2 uncursed potions of extra healing
  an uncursed potion of full healing
  an uncursed potion of gain level
  3 cursed potions of healing
  a blessed potion of invisibility
  a blessed potion of levitation
  an uncursed potion of levitation
  an uncursed potion of paralysis
  an uncursed potion of sleeping
  3 uncursed potions of speed
  4 potions of holy water
  an uncursed potion of water
  an uncursed +1 ring of adornment
  an uncursed ring of conflict
  a cursed +1 ring of gain constitution
  a cursed ring of invisibility
  an uncursed ring of levitation
  a cursed ring of polymorph
  a cursed -1 ring of protection
  an uncursed ring of see invisible
  an uncursed ring of slow digestion
  a cursed ring of sustain ability
  an uncursed ring of teleport control
  a cursed ring of teleport control
  a cursed ring of teleportation
  a cursed ring of teleportation
  a cursed ring of teleportation
  a wand of digging (0:6)
  a wand of light (0:14)
  a wand of magic missile (0:5)
  a wand of make invisible (0:5)
  a cursed wand of polymorph (0:3)
  a wand of sleep (0:3)
  a wand of sleep (0:3)
  a wand of slow monster (0:4)
  a wand of striking (0:2)
  an uncursed bugle
  an uncursed brass lantern
  an uncursed partly used tallow candle
  5 uncursed tallow candles
  an uncursed tin opener
  an uncursed wax candle
  2 uncursed amethyst stones
  an uncursed black opal
  an uncursed chrysoberyl stone
  2 uncursed diamonds
  3 uncursed emeralds
  an uncursed jet stone
  2 uncursed rubies
  an uncursed turquoise stone
  4 uncursed worthless pieces of black glass
  5 uncursed worthless pieces of blue glass
  9 uncursed worthless pieces of green glass
  9 uncursed worthless pieces of orange glass
  an uncursed worthless piece of red glass
  3 uncursed worthless pieces of violet glass
  9 uncursed worthless pieces of yellow glass
  2 uncursed worthless pieces of yellowish brown glass

Gary the Samurai's attributes:

Background:
 You were a Joshu, a level 12 male human Samurai.
 You were lawful, on a mission for Amaterasu Omikami
 who was opposed by Raijin (neutral) and Susanowo (chaotic).
 You were right-handed.
 You were in the Quest, on level 1.
 You entered the dungeon 25278 turns ago.
 You had 20470 experience points, 19530 more were needed to attain level 13.
 Your score was 82797 before end-of-game adjustments.

Basics:
 You had 0 out of 119 hit points.
 You had all 37 energy points (spell power).
 Your armor class was -2.
 Your wallet contained 157 zorkmids, and
 you had 10 more stashed away in your pack.
 Autopickup was on for '$' plus thrown.

Final Characteristics:
 Your strength was 18/02 (limit:18/100).
 Your dexterity was 16 (peak:17, limit:18).
 Your constitution was 18 (limit:18).
 Your intelligence was 7 (peak:8, limit:18).
 Your wisdom was 10 (limit:18).
 Your charisma was 9 (limit:18).

Final Status:
 You were satiated.
 You were unencumbered.
 You were wielding a long sword.
 You had basic skill with long sword and could have enhanced that.

Final Attributes:
 You were piously aligned.
 You were fire resistant.
 You were sleep resistant.
 You were poison resistant.
 You were telepathic.
 You were warned.
 You were stealthy.
 You were guarded.
 Your spell casting was impaired by metallic armor.
 You were fast.
 You had reflection.
 You had free action.
 You were lucky.
 You had extra luck.
 Bad luck did not time out for you.
 Good luck did not time out for you.
 You are dead.

Miscellaneous:
 You encountered 2 bones levels.
 Total elapsed playing time was 12 hours, 29 minutes and 56 seconds.

Major events:
 Turn
    1: Gary the lawful male human Samurai entered the dungeon
 1008: attained the rank of Ronin (level 3)
 2161: attained the rank of Ninja (level 6)
 5728: entered the Gnomish Mines
 7816: reached Mine Town
10484: was bestowed with Snickersnee by Amaterasu Omikami
10906: entered Sokoban
11156: completed 1st Sokoban level
11528: completed 2nd Sokoban level
11872: completed 3rd Sokoban level
12257: attained the rank of Joshu (level 10)
12574: completed 4th Sokoban level
14042: acquired the Sokoban amulet of reflection
17483: was bestowed with Ogresmasher by Amaterasu Omikami
18406: was bestowed with Werebane by Amaterasu Omikami
22924: acquired the Mines' End luckstone
24471: entered Home 1, the Quest
25278: killed by a ninja

Spells:
 Name                 Level Category     Fail Retention
 force bolt             1   attack       100%    (gone)

Skills:
 Fighting Skills
   martial arts      [Basic]
   two weapon combat [Unskilled]
   riding            [Unskilled]
 Weapon Skills
   dagger            [Unskilled]
   knife             [Unskilled]
   short sword       [Basic]
   broadsword        [Unskilled]
   long sword        [Basic]
   two-handed sword  [Unskilled]
   saber             [Unskilled]
   flail             [Unskilled]
   hammer            [Unskilled]
   quarterstaff      [Unskilled]
   polearms          [Unskilled]
   spear             [Unskilled]
   lance             [Unskilled]
   bow               [Basic]
   shuriken          [Unskilled]
 Spellcasting Skills
   attack spells     [Unskilled]
   divination spells [Unskilled]
   clerical spells   [Unskilled]

Voluntary challenges:
 Character rerolling was not enabled.
 You never genocided any monsters.
 You never polymorphed an object.
 You never changed form.
 You used no wishes.
 You did not violate any of the special Sokoban rules.
Achievements:
 You attained the rank of Ronin.
 You entered a shop.
 You attained the rank of Ninja.
 You entered the Gnomish Mines.
 You entered Minetown.
 You entered a temple.
 You entered Sokoban.
 You attained the rank of Joshu.
 You completed Sokoban.
 You completed the Gnomish Mines.

 The Dungeons of Doom: levels 1 to 14
    Level 1:
    Level 2:
    Level 3:
       Stairs down to The Gnomish Mines.
    Level 4: "stash"
       A potion shop, an altar, a fountain, a grave.
       Final resting place for
          XenoDanger-Wiz-Gno-Fem-Neu, killed by a hobbit,
          bonnien-Wiz-Elf-Mal-Cha, killed by a gnome lord.
    Level 5: "stash"
       An altar to Amaterasu Omikami.
    Level 6:
       A fountain, a grave.
       Final resting place for
          merpish-Arc-Dwa-Mal-Law, killed by a homunculus, while sleeping,
          TTT5-Wiz-Hum-Fem-Cha, killed by a white unicorn,
          wishstudio-Wiz-Elf-Fem-Cha, killed by a bat, while frozen by a floating eye's gaze.
    Level 7:
       A general store.
    Level 8:
       Many fountains.
       Oracle of Delphi.
    Level 9:
       A throne, some fountains.
       Stairs up to Sokoban, level 8.
    Level 10:
    Level 11:
       A throne, some fountains.
    Level 12: "stash"
       An altar to Amaterasu Omikami, a throne, a fountain.
    Level 13:
       A fountain, a grave.
    Level 14:
       A grave.
       Summoned by Lord Sato.
       Portal to The Quest.
 The Gnomish Mines: levels 4 to 11
    Level 4:
    Level 5:
    Level 6:
    Level 7:
       Many shops, a temple and an altar, some fountains, some trees.
    Level 8:
    Level 9:
    Level 10:
    Level 11:
       A fountain.
 The Quest:
    Level 1: <- You were here.
       Home.
       Final resting place for
          you, killed by a ninja.
 Sokoban: levels 8 up to 5
    Level 5:
       Solved.
    Level 6:
       Solved.
    Level 7:
       Solved.
    Level 8:
       Solved.


Vanquished creatures:
  a black pudding
  6 ghosts
  a mind flayer
  3 long worms
  a zruty
  5 elven monarchs
  2 doppelgangers
  3 large mimics
  a stalker
 an earth elemental
  a xorn
  3 elf-nobles
  2 sergeants
  9 wargs
  a winter wolf
  7 small mimics
  5 xans
  2 ogre leaders
  2 quantum mechanics
  3 trolls
  a gelatinous cube
  2 pyrolisks
  a large dog
  a flaming sphere
  a shocking sphere
  3 large cats
  3 tigers
  2 leocrottas
  a mountain centaur
  a python
  2 carnivorous apes
  4 Grey-elves
  3 soldiers
  a watchman
 an amorous demon
  a chameleon
  a crocodile
  8 giant beetles
  2 quivering blobs
  5 cockatrices
  4 wolves
  3 winter wolf cubs
  2 lynxes
  a panther
  3 gremlins
  a spotted jelly
 22 leprechauns
  2 orc-captains
  3 iron piercers
  2 mumakil
  9 giant spiders
  3 horses
 an ice vortex
  2 black lights
  a vampire bat
  4 forest centaurs
  6 gnome rulers
  3 orc mummies
  3 ogres
  3 brown puddings
  a rust monster
  2 owlbears
  5 yetis
  3 werewolves
  8 Green-elves
  5 lizards
  5 ninja
  a chickatrice
  a dingo
  2 dogs
  a housecat
  3 jaguars
  2 dwarf leaders
  2 blue jellies
  a white unicorn
  a gray unicorn
  3 black unicorns
  5 dust vortices
  2 ravens
  4 plains centaurs
  a gnome mummy
  2 snakes
  9 apes
  2 rope golems
  5 Woodland-elves
  3 soldier ants
  4 fire ants
 25 bugbears
  3 imps
  3 quasits
  3 wood nymphs
  6 water nymphs
  2 mountain nymphs
  a Mordor orc
  4 Uruk-hai
  5 orc shamans
  3 rock piercers
  4 rock moles
  5 ponies
  2 fog clouds
  5 yellow lights
  2 shriekers
  3 violet fungi
 24 gnome leaders
  6 gnomish wizards
  a kobold mummy
  a guardian naga hatchling
  3 gray oozes
  4 elf zombies
  a ghoul
  a straw golem
  5 giant ants
  a little dog
  9 floating eyes
  2 kittens
 20 dwarves
  3 homunculi
  a kobold leader
  5 kobold shamans
 29 hill orcs
  9 rothes
  3 rabid rats
  6 giant bats
  a monkey
  2 orc zombies
  2 dwarf zombies
  2 wererats
  a werejackal
  7 iguanas
 25 killer bees
  6 acid blobs
  5 coyotes
  2 gas spores
  7 hobbits
 12 manes
  4 large kobolds
 38 hobgoblins
 11 giant rats
  5 cave spiders
  2 brown molds
  3 yellow molds
  a green mold
  2 red molds
 88 gnomes
  2 garter snakes
 10 geckos
  7 jackals
  5 kobolds
  8 goblins
  3 sewer rats
  2 grid bugs
  7 bats
  9 lichens
  2 kobold zombies
  9 newts
764 creatures vanquished.

No species were genocided or became extinct.

Game over:
                       ----------
                      /          \
                     /    REST    \
                    /      IN      \
                   /     PEACE      \
                  /                  \
                  |       Gary       |
                  |      167 Au      |
                  |   killed by a    |
                  |      ninja       |
                  |                  |
                  |                  |
                  |       2026       |
                 *|     *  *  *      | *
        _________)/\\_//(\/(/\)/\//\/|_)_______

Sayonara Gary the Samurai...

You died in The Quest on dungeon level 1 with 82781 points,
and 167 pieces of gold, after 25278 moves.
You were level 12 with a maximum of 119 hit points when you died.

